 Dungeon Crawl Stone Soup version 0.29-a0-72-g1732ff48e7 (webtiles) character file.

Game seed: 719559044430787292

1844 HallandMoats the Skirmisher (level 9, -2/79 HPs)
             Began as a Ghoul Monk on Feb 4, 2022.
             Slain by an orc warrior (4 damage)
             ... on level 7 of the Dungeon.
             The game lasted 00:09:18 (5665 turns).

HallandMoats the Skirmisher (Ghoul Monk)            Turns: 5665, Time: 00:09:18

Health: -2/79      AC: 19    Str: 19    XL:     9   Next: 12%
Magic:  12/12      EV: 11    Int:  5    God:
Gold:   307        SH:  0    Dex: 11    Spells: 8/8 levels left

rFire   . . .      SeeInvis .     - Unarmed
rCold   + . .      Faith    +   (no shield)
rNeg    + + +      Spirit   .   p - +6 scale mail "Siogaphio" {+Inv}
rPois   ∞          Reflect  .   (no helmet)
rElec   .          Harm     .   d - +1 cloak
rCorr   .          Rampage  .   (no gloves)
Will    .....                   (no boots)
Stlth   ..........              a - amulet of faith
HPRegen 0.00/turn               h - +4 ring of protection
MPRegen 0.13/turn               (no ring)

@: inhibited regen
A: claws 1, cold resistance 1, negative energy resistance 3, inhibited
regeneration, torment resistance 2
a: Evoke Invisibility


You were on level 7 of the Dungeon.
You visited 2 branches of the dungeon, and saw 8 of its levels.
You also visited: Sewer.

You collected 307 gold pieces.

Inventory:

Armour
 d - a +1 cloak (worn)
 m - a +2 leather armour of fire resistance
 p - the +6 scale mail "Siogaphio" (worn) {+Inv}
   (You found it on level 5 of the Dungeon)

   +Inv:      It lets you turn invisible.
Jewellery
 a - an amulet of faith (around neck)
 h - a +4 ring of protection (left claw)
Wands
 j - a wand of paralysis (5)
 s - a wand of iceblast (11)
Scrolls
 b - 2 scrolls of fog
 f - 2 scrolls of torment
 g - 2 scrolls of identify
 i - a scroll of holy word {unknown}
 n - a scroll of enchant weapon
Potions
 c - 3 potions of haste
 e - 2 potions of heal wounds {unknown}
 k - a potion of might {unknown}
 l - 3 potions of resistance {unknown}
 o - a potion of magic {unknown}
 q - 3 potions of lignification {unknown}
 r - a potion of brilliance {unknown}


   Skills:
 * Level 7.1 Fighting
 + Level 3.4 Armour
 + Level 4.5 Dodging
 - Level 2.1 Stealth
 * Level 7.1 Unarmed Combat
 * Level 6.1 Invocations


You had 8 spell levels left.
You didn't know any spells.
Your spell library contained the following spells:

 Spells                   Type           Power      Damage    Failure   Level
 Animate Armour           Summ/Erth      0%         N/A       100%        4
 Iron Shot                Conj/Erth      0%         9d1       100%        6
 Blade Hands              Tmut           Unusable   N/A       N/A         5

Dungeon Overview and Level Annotations

Branches:
Dungeon (7/15)             Temple (1/1) D:7           Sewer (visited)

Altars:
Cheibriados
Dithmenos
Elyvilon
Gozag
Hepliaklqana
Kikubaaqudgha
Makhleb
Nemelex Xobeh
Ru
Sif Muna
Uskayaw
Vehumet
Wu Jian
Xom
Yredelemnul
Zin
The Shining One

Shops:
D:6 **


Innate Abilities, Weirdness & Mutations

You thrive by killing the living.
You are immune to poison.
You have sharp fingernails.
Your flesh is cold resistant. (rC+)
You are immune to negative energy. (rN+++)
You do not regenerate when monsters are visible.
You are immune to unholy pain and torment.


Message History

* * * LOW HITPOINT WARNING * * *
You closely miss something. You barely miss the orc warrior.
The orc warrior is lightly wounded.
You scratch the orc warrior but do no damage.
The orc warrior is lightly wounded.
The orc warrior hits you but does no damage.
You scratch the orc warrior but do no damage.
The orc warrior is lightly wounded.
The orc warrior hits you with a +0 hand axe.
* * * LOW HITPOINT WARNING * * *
You closely miss the orc warrior.
The orc warrior is lightly wounded.
The orc warrior hits you with a +0 hand axe.
* * * LOW HITPOINT WARNING * * *
You barely miss the orc warrior.
The orc warrior is lightly wounded.
You claw the orc warrior!
The orc warrior is moderately wounded.
The orc warrior hits you but does no damage.
You claw the orc warrior!
The orc warrior is severely wounded.
The orc warrior closely misses you.
You scratch the orc warrior but do no damage.
You claw the orc warrior, but do no damage.
The orc warrior is severely wounded.
The orc warrior barely misses you.
You scratch the orc warrior.
The orc warrior is severely wounded.
The orc warrior hits you but does no damage.
You closely miss the orc warrior.
The orc warrior is severely wounded.
The orc warrior hits you but does no damage.
The orc priest invokes the aid of Beogh against you.
Beogh smites you!
* * * LOW HITPOINT WARNING * * *
You barely miss the orc warrior.
The orc warrior is severely wounded.
The orc warrior hits you with a +0 hand axe.
You die...

........'.......>..#
####.##.#.....##.###
........#.....##.#
###....######.##.#
........... #.##.#
###....#### #.##.#
.......+ #.##.#
..#....# #.##.#
..#.......# #.##@#
..........# #.##o#
.###.#.##.# #.##{#
........#.#.#.##o#
.###.#..#.#.#...o##
..................#
####.# ...........#
...... ...........#
####.##...........#


You could see an orc warrior, an orc priest and an orc.

Vanquished Creatures
  Pikel (D:7)
  2 ice beasts (D:6)
  A black bear (D:6)
  An ogre (D:5)
  2 necrophages
  A phantom (D:4)
  A lemure (D:7)
  2 bullfrogs (D:7)
  A scorpion (D:6)
  2 bullfrog zombies
  A centaur zombie (D:7)
  2 hounds
  An orc priest (D:3)
  2 jellies (Sewer)
  Jessica (D:3)
  3 iguanas
  An orc wizard (D:3)
  A hound skeleton (D:5)
  A howler monkey zombie (D:7)
  3 gnolls (D:7)
  8 adders
  2 river rats (D:4)
  A shadow imp (D:6)
  A white imp (D:6)
  An ufetubus (D:5)
  4 worms
  3 dart slugs
  4 orcs (D:3)
  12 endoplasms
  6 giant cockroaches
  8 goblins
  5 hobgoblins
  3 jackals (D:1)
  6 kobolds
  4 quokkas
  9 ball pythons
  6 bats
  5 frilled lizards
  13 rats
131 creatures vanquished.

Notes
Turn   | Place    | Note
-------+----------+-------------------------------------------
     0 | D:1      | HallandMoats the Ghoul Monk began the quest for the Orb.
     0 | D:1      | Reached XP level 1. HP: 19/19 MP: 0/0
    77 | D:1      | Reached XP level 2. HP: 26/26 MP: 1/1
   140 | D:1      | Reached skill level 1 in Invocations
   633 | D:1      | Reached XP level 3. HP: 28/31 MP: 3/3
  1004 | D:2      | Found a faded altar of an unknown god.
  1370 | D:2      | Reached XP level 4. HP: 40/40 MP: 4/4
  1536 | D:3      | You fall into a shaft and drop 1 floor!
  1615 | D:4      | Reached skill level 1 in Armour
  1703 | D:4      | Reached XP level 5. HP: 32/46 MP: 5/5
  1711 | D:4      | Noticed a necrophage
  1726 | D:4      | Killed a necrophage
  1947 | D:4      | Noticed a phantom
  1960 | D:4      | Killed a phantom
  1961 | D:4      | Reached XP level 6. HP: 38/53 MP: 7/7
  2132 | D:4      | Found a glowing drain.
  2156 | Sewer    | Entered a sewer
  2329 | Sewer    | Reached skill level 5 in Fighting
  2623 | Sewer    | Found a viscous altar of Jiyva.
  2909 | D:5      | Entered Level 5 of the Dungeon
  2921 | D:5      | Reached skill level 5 in Unarmed Combat
  2921 | D:5      | Reached XP level 7. HP: 53/61 MP: 8/8
  2926 | D:5      | Identified the +6 scale mail "Siogaphio" {+Inv}
  3800 | D:3      | Found an ancient bone altar of Kikubaaqudgha.
  3907 | D:3      | Noticed Jessica
  3915 | D:3      | Killed Jessica
  4094 | D:6      | Noticed a death knight
  4376 | D:6      | Reached XP level 8. HP: 58/70 MP: 10/10
  4841 | D:6      | Found Vepsidd's General Store.
  4842 | D:6      | Found Ciatewk's Specific Store.
  5016 | D:6      | Reached skill level 5 in Invocations
  5233 | D:7      | Noticed Pikel
  5265 | D:7      | Killed Pikel
  5266 | D:7      | Reached XP level 9. HP: 71/78 MP: 10/12
  5274 | D:7      | Found a staircase to the Ecumenical Temple.
  5285 | Temple   | Entered the Ecumenical Temple
  5664 | D:7      | HP: 2/79 [orc priest/divine providence (12)]
  5665 | D:7      | Slain by an orc warrior

Illustrated notes

Levels and vault maps discovered:
D:1:      dpeg_arrival_rhombus, layout_loops_cross
D:2:      layout_basic, basic_ecumenical_altar, nicolae_underground_beach
D:3:      layout_basic, mainiacjoe_overflow_small_starburst,
          hangedman_decor_riveting, hangedman_decor_push, uniq_jessica
D:4:      layout_rooms, portal_sewer_entry_e
D:5:      layout_rooms, nrook_loot_triangle
D:6:      layout_loops_ring, grunt_decor_mini_mirrors,
          chequers_serial_rivers_small_b, nicolae_specific_store
D:7:      layout_basic, kennysheep_mini, minmay_temple_entry_trees, uniq_pikel
Temple:   regret_index_temple_sphere_string

Skill      XL: |  1  2  3  4  5  6  7  8  9 |
---------------+----------------------------+-----
Invocations    | 1 2 3 4 5 6 |  6.1
Fighting       | 4 5 6 7 |  7.1
Armour         | 1 2 3 |  3.4
Dodging        | 3 4 |  4.5
Unarmed Combat | 4 5 6 7 |  7.1
Stealth        | |  2.1

Action                   |  1- 3 |  4- 6 |  7- 9 || total
-------------------------+-------+-------+-------++-------
Melee: Unarmed           |   112 |   195 |   268 ||   575
       Punch             |       |     7 |    15 ||    22
  Use: Scroll            |       |       |    12 ||    12
 Stab: Sleeping          |     1 |     2 |       ||     3
Armor: Robe              |     2 |       |       ||     2
       Ring mail         |    24 |    22 |       ||    46
       Leather armour    |       |    28 |     2 ||    30
       Scale mail        |       |       |   124 ||   124
       Skin              |       |       |     3 ||     3
Dodge: Dodged            |    52 |   105 |   124 ||   281

Table legend: (Time is in decaauts)
 A = Elapsed time spent in this place.
 B = Non-inter-level travel time spent in this place.
 C = Inter-level travel time spent in this place.
 D = Time resting spent in this place.
 E = Time spent auto-exploring this place.
 F = Levels seen in this place.
 G = Mean time per level.
                   A        B        C        D        E       F      G
               +--------+--------+--------+--------+--------+-----+--------+
         Total |   5649 |   5400 |    249 |    285 |   3989 |   9 |  627.7 |
       Dungeon |   4852 |   4619 |    233 |     35 |   3671 |   7 |  693.1 |
        Temple |    192 |    176 |     16 |      0 |    165 |   1 |  192.0 |
         Sewer |    604 |    604 |      0 |    250 |    153 |   1 |  604.0 |
               +--------+--------+--------+--------+--------+-----+--------+

Top non-repeatable levels by time:
     D:6: 1038 daAuts
     D:1: 958 daAuts
     D:4: 792 daAuts
     D:5: 735 daAuts
   Sewer: 604 daAuts
     D:3: 561 daAuts
     D:2: 478 daAuts
     D:7: 289 daAuts
  Temple: 192 daAuts
